 Dungeon Crawl Stone Soup version 0.21.0-3-g78d12a8 (webtiles) character file.

4750 rgaf the Basher (level 10, -5/115 HPs)
             Began as a Demonspawn Chaos Knight on Jan 11, 2018.
             Killed from afar by a wretched star (11 damage)
             ... with an orb of energy
             ... on level 2 of the Abyss.
             The game lasted 00:12:22 (9427 turns).

rgaf the Basher (Demonspawn Chaos Knight)           Turns: 9427, Time: 00:12:24

Health: -5/115     AC: 25    Str: 11      XL:     10   Next: 23%
Magic:  0/10       EV:  2    Int: 18      God:    Xom [*.....]
Gold:   494        SH:  3    Dex: 14 (15) Spells: 9/9 levels left

rFire    . . .     SeeInvis .   j - +1 whip (elec)
rCold    . . .     Gourm    .   (no shield)
rNeg     + + +     Faith    .   (armour currently unavailable)
rPois    +         Spirit   +   (helmet currently unavailable)
rElec    .         Reflect  +   (cloak currently unavailable)
rCorr    .         Harm     .   (gloves currently unavailable)
MR       +....     Clarity  +   (boots currently unavailable) Stlth ..........NoTele +
                                s - +3 amulet of reflection
HPRegen  0.29/turn              C - ring of loudness (curse)
MPRegen  0.12/turn              z - -3 ring of strength (curse)

@: brilliant, tree-form
A: agile 1, clarity, magic resistance 1, powered by pain 2, robust 1, weak 1,
wild magic 1, magic shield, [subdued magic 2]
a: Renounce Religion


You were on level 2 of the Abyss.
You worshipped Xom.
You were a special plaything of Xom.
You were not hungry.
You were a tree.
You visited 1 branch of the dungeon, and saw 9 of its levels.
You visited the Abyss 1 time.

You collected 494 gold pieces.

Inventory:

Hand Weapons
 a - a +0 mace of chaos
 j - a +1 whip of electrocution (weapon)
 l - a +0 flail
 F - a +0 morningstar
Armour
 b - a +2 leather armour
 g - a +0 pair of boots (melded)
 m - a +0 pair of gloves (melded)
 p - a +0 helmet (melded)
 r - a +0 scale mail
 D - a cursed +0 chain mail (melded)
Jewellery
 s - a +3 amulet of reflection (around neck)
 u - an uncursed amulet of guardian spirit
 v - an uncursed ring of ice
 z - a cursed -3 ring of strength (right branch)
 A - an uncursed amulet of the gourmand
 C - a cursed ring of loudness (left branch)
 E - an uncursed amulet of regeneration {unknown}
 J - a +2 ring of intelligence {unknown}
 K - an uncursed amulet of regeneration {unknown}
 M - the ring of Qakliduw {rF- rC+ MR+++ EV+3 Int+3, unknown}
   (You found it on level 8 of the Dungeon)

   [ring of evasion]

   It affects your evasion (+3).
   It affects your intelligence (+3).
   It makes you vulnerable to fire.
   It protects you from cold.
   It affects your resistance to hostile enchantments.
Wands
 G - a wand of polymorph (8)
 I - a wand of digging (11)
 L - a wand of enslavement (15)
Scrolls
 d - 3 scrolls of enchant armour {unknown}
 e - a scroll of enchant weapon {unknown}
 f - 3 scrolls of identify
 i - 2 scrolls of teleportation
 n - a scroll of immolation
 t - a scroll of remove curse
 w - a scroll of fear
Potions
 o - a potion of flight
 q - 2 potions of haste
Miscellaneous
 y - a phial of floods
Comestibles
 c - 18 rations


   Skills:
 - Level 3.0 Fighting
 + Level 13.5 Maces & Flails
 - Level 1.7 Armour
 - Level 0.8 Dodging


You had 9 spell levels left.
You didn't know any spells.

Dungeon Overview and Level Annotations

Branches:
Dungeon (9/15)             Temple (0/1) D:6            Lair (0/6) D:9
    Orc: D:9-12

Altars:
Yredelemnul

Shops:
D:5 [   D:7 (


Innate Abilities, Weirdness & Mutations

((You have sharp toenails.))
((You are mostly covered in large bone plates. (SH +6)))
You sometimes gain power by taking damage.
When hurt, damage is shared between your health and your magic reserves.
You are agile. (Dex +2)
You possess an exceptional clarity of mind.
((Armour fits poorly on your strangely shaped body.))
You are resistant to hostile enchantments. (MR+)
You are robust. (+10% HP)
You are weak. (Str -2)
Your spells are a little harder to cast, but a little more powerful.
[Your spells are easier to cast, but less powerful.]


Message History

Unknown command.
You hit the thrashing horror.
The thrashing horror is lightly damaged.
The thrashing horror tramples you but does no damage.
The thrashing horror tramples you.
* * * LOW HITPOINT WARNING * * *
It was a potion of magic.
Magic courses through your body.
The thrashing horror roars!
The thrashing horror tramples you but does no damage. x2
The wretched star glows turbulently.
Helpless, you fail to dodge the orb of energy.
* * * LOW HITPOINT WARNING * * *
It was a potion of brilliance.
You feel clever all of a sudden.
The thrashing horror roars!
The thrashing horror tramples you but does no damage. x2
The wretched star glows turbulently.
Helpless, you fail to dodge the orb of energy.
You die...
Xom cackles wildly!

. # ..
#..## # #
..... . .
... .
#..# .
.##..###
. .....*.
..
.....X.##
# . #. #
. #♣# ..
#. ### ..
. . # ..
# # ...
## .# # .


You could see a wretched star and a thrashing horror.

Vanquished Creatures
  Erolcha (D:9)
  Erica (D:8)
  Pikel (D:8)
  Joseph (D:7)
  A troll (D:9)
  Prince Ribbit (D:7)
  A meliai zombie (D:9)
  Sigmund (D:3)
  2 hell hounds (D:9)
  A large abomination (Abyss:2)
  A slave (D:7)
  A black bear (D:9)
  A phantom (D:4)
  The ghost of Kurtz the Magician, an amateur DrWn (D:4)
  3 centaurs
  An ogre (D:7)
  A gnoll sergeant (D:8)
  A bullfrog (D:7)
  2 crimson imps
  A bullfrog zombie (D:7)
  A quasit (Abyss:2)
  3 jellies
  5 orc wizards
  A centaur skeleton (D:7)
  An orc priest (D:8)
  2 hounds
  Terence (D:2)
  3 iguanas
  4 worker ants
  A killer bee zombie (D:8)
  2 hound zombies
  A hound skeleton (D:4)
  15 gnolls
  5 adders
  An ooze (D:5)
  An adder zombie (D:7)
  A worm (D:2)
  2 dart slugs
  7 leopard geckos
  10 orcs
  2 ball pythons
  4 bats
  4 giant cockroaches
  5 hobgoblins
  6 jackals
  5 kobolds
  A quokka (D:4)
  3 frilled lizards (D:5)
  10 goblins
  A jackal skeleton (D:4)
  A quokka skeleton (D:6)
  7 rats
140 creatures vanquished.

Vanquished Creatures (collateral kills)
  A fire bat (D:8)
  A slave (D:7)
  An adder (D:7)
  6 orcs (D:7)
  2 jackals (D:2)
11 creatures vanquished.

Vanquished Creatures (others)
  2 orcs (D:8)
2 creatures vanquished.

Grand Total: 153 creatures vanquished

Notes
Turn   | Place    | Note
-------+----------+-------------------------------------------
     0 | D:1      | rgaf the Demonspawn Chaos Knight began the quest for the Orb.
     0 | D:1      | Reached XP level 1. HP: 18/18 MP: 1/1
    25 | D:1      | XOM: potion effect (might)
    87 | D:1      | Reached skill level 3 in Maces & Flails
    89 | D:1      | XOM: divination: detect items
    93 | D:1      | XOM: potion effect (haste)
   186 | D:1      | Gained mutation: When hurt, damage is shared between your health and your magic reserves. [demonic ancestry]
   186 | D:1      | Reached XP level 2. HP: 24/24 MP: 2/2
   582 | D:1      | XOM is BORED!
   582 | D:1      | XOM: medium Air miscast
   593 | D:1      | XOM: cast spell 'Leda's Liquefaction'
   950 | D:1      | Gained mutation: You are partially covered in large bone plates. (SH +4) [demonic ancestry]
   950 | D:1      | Reached XP level 3. HP: 23/29 MP: 3/3
  1048 | D:1      | XOM: god gift: forked gold wand {god gift}
  1129 | D:2      | Reached skill level 4 in Maces & Flails
  1173 | D:2      | Noticed Terence
  1175 | D:2      | XOM: silly message
  1192 | D:2      | Killed Terence
  1192 | D:2      | Reached XP level 4. HP: 19/35 MP: 2/4
  1362 | D:2      | Found a faded altar of an unknown god.
  1510 | D:2      | XOM: smoke on damage
  1689 | D:2      | XOM: cast spell 'Summon Horrible Things'
  1755 | D:2      | XOM: god gift: ration
  2134 | D:2      | XOM: summons 2 hostile demons
  2135 | D:2      | Noticed a red devil
  2135 | D:2      | Noticed an orange demon
  2135 | D:2      | a red devil changed into an orange demon
  2174 | D:1      | XOM: scenery: 1 doors close
  2622 | D:3      | Noticed a glowing shapeshifter
  2622 | D:3      | a jackal changed into a glowing shapeshifter
  2622 | D:3      | Noticed a moth of wrath
  2622 | D:3      | a glowing shapeshifter changed into a moth of wrath
  2622 | D:3      | Noticed a swamp dragon
  2622 | D:3      | a moth of wrath changed into a swamp dragon
  2626 | D:3      | Noticed a death drake
  2626 | D:3      | a swamp dragon changed into a death drake
  2627 | D:3      | Noticed a jumping spider
  2627 | D:3      | a death drake changed into a jumping spider
  2632 | D:3      | Noticed a polar bear
  2633 | D:3      | Noticed a raiju
  2633 | D:3      | a polar bear changed into a raiju
  2671 | D:3      | Noticed a hog
  2675 | D:3      | Noticed an orb spider
  2675 | D:3      | a hog changed into an orb spider
  2679 | D:3      | Noticed a raiju
  2679 | D:3      | an orb spider changed into a raiju
  2685 | D:3      | Noticed a glowing orange brain
  2950 | D:3      | XOM: swap monsters
  2953 | D:3      | Reached skill level 5 in Maces & Flails
  3016 | D:3      | XOM: 1-stop teleportation journey
  3170 | D:3      | Noticed Sigmund
  3585 | D:3      | Found a basalt altar of Yredelemnul.
  3663 | D:3      | XOM: enchant monster (good)
  3681 | D:3      | Killed Sigmund
  3681 | D:3      | Reached skill level 6 in Maces & Flails
  3681 | D:3      | Reached XP level 5. HP: 29/41 MP: 3/5
  3681 | D:3      | Gained mutation: You are mostly covered in large bone plates. (SH +6) [demonic ancestry]
  3681 | D:3      | Reached XP level 6. HP: 34/47 MP: 3/6
  3715 | D:3      | Noticed a naga
  3718 | D:3      | Noticed a blink frog
  3718 | D:3      | a naga changed into a blink frog
  3725 | D:3      | Noticed a warg
  3725 | D:3      | a blink frog changed into a warg
  3727 | D:3      | XOM: harmless Erth miscast
  3728 | D:3      | Noticed a human
  3728 | D:3      | a warg changed into a human
  3740 | D:3      | Noticed a spriggan
  3780 | D:4      | XOM: harmless Air miscast
  3816 | D:4      | XOM: medium Fire miscast
  3847 | D:4      | XOM: noise
  3850 | D:4      | Noticed Kurtz's ghost (amateur DrWn)
  3883 | D:4      | Killed Kurtz's ghost
  3883 | D:4      | Reached skill level 7 in Maces & Flails
  4034 | D:4      | XOM: harmless Pois miscast
  4064 | D:4      | XOM: 4-stop teleportation journey
  4160 | D:4      | XOM: medium Fire miscast
  4166 | D:4      | XOM: 1-stop teleportation journey
  4223 | D:4      | Gained mutation: You sometimes gain a little power by taking damage. [demonic ancestry]
  4223 | D:4      | Reached XP level 7. HP: 40/52 MP: 7/7
  4325 | D:4      | XOM: noise
  4395 | D:4      | XOM: god gift: phial of floods
  4413 | D:5      | Entered Level 5 of the Dungeon
  4759 | D:5      | Found Qojadgh's Antique Armour Boutique.
  4812 | D:5      | XOM: give mutation
  4812 | D:5      | Gained mutation: Armour fits poorly on your strangely shaped body. [Xom's mischief]
  4949 | D:5      | XOM: give mutations
  4949 | D:5      | Gained mutation: You are frail. (-10% HP) [Xom's mischief]
  4949 | D:5      | Gained mutation: You are weak. (Str -2) [Xom's mischief]
  5198 | D:6      | XOM: 1-stop teleportation journey
  5294 | D:6      | Found a staircase to the Ecumenical Temple.
  5322 | D:6      | XOM: harmless Erth miscast
  5413 | D:6      | XOM: noise
  5449 | D:6      | Reached skill level 8 in Maces & Flails
  6082 | D:7      | XOM: 1-stop teleportation journey
  6087 | D:7      | Found Reemmace's Weapon Boutique.
  6088 | D:7      | XOM: summons 7 friendly demons
  6092 | D:7      | XOM: smoke on damage
  6200 | D:7      | XOM: give mutations
  6200 | D:7      | Gained mutation: You have sharp toenails. [Xom's grace]
  6200 | D:7      | Lost mutation: You are frail. (-10% HP) [Xom's grace]
  6200 | D:7      | Gained mutation: You possess an exceptional clarity of mind. [Xom's grace]
  6200 | D:7      | Gained mutation: Your spells are a little harder to cast, but a little more powerful. [Xom's grace]
  6212 | D:7      | XOM: harmless Chrm miscast
  6306 | D:7      | Reached skill level 9 in Maces & Flails
  6306 | D:7      | Reached XP level 8. HP: 53/58 MP: 8/8
  6583 | D:7      | XOM: enchant monster (good)
  6716 | D:7      | Noticed Joseph
  6731 | D:7      | XOM: potion effect (berserk rage)
  6741 | D:7      | Killed Joseph
  6741 | D:7      | Reached skill level 10 in Maces & Flails
  6901 | D:8      | Noticed Erica
  6908 | D:8      | Killed Erica
  6908 | D:8      | Reached skill level 11 in Maces & Flails
  6908 | D:8      | Mutation became permanent: You have sharp toenails. [demonic ancestry]
  6908 | D:8      | Gained mutation: You have sharp toenails. [demonic ancestry]
  6908 | D:8      | Reached XP level 9. HP: 48/63 MP: 5/9
  6998 | D:8      | XOM: mild Ice miscast
  7026 | D:8      | Noticed Prince Ribbit
  7042 | D:8      | XOM: 8-stop teleportation journey
  7171 | D:8      | XOM: 7-stop teleportation journey
  7190 | D:8      | XOM: give mutations
  7190 | D:8      | Gained mutation: You are robust. (+10% HP) [Xom's grace]
  7190 | D:8      | Gained mutation: You are agile. (Dex +2) [Xom's grace]
  7190 | D:8      | Gained mutation: You are resistant to hostile enchantments. (MR+) [Xom's grace]
  7616 | D:8      | XOM: polymorph slave -> fire bat
  7621 | D:7      | XOM: summons friendly white imp
  7635 | D:7      | Killed Prince Ribbit
  7869 | D:8      | XOM: summons 3 friendly demons
  8030 | D:8      | Noticed Pikel
  8035 | D:8      | Killed Pikel
  8035 | D:8      | Reached skill level 12 in Maces & Flails
  8071 | D:8      | Got a flickering wooden ring
  8291 | D:8      | Noticed a cyan ugly thing
  8539 | D:8      | XOM: confuse monster(s)
  8740 | D:9      | XOM: destruction
  8754 | D:9      | Noticed Erolcha
  8767 | D:9      | XOM: butterfly on damage
  8768 | D:9      | Killed Erolcha
  8768 | D:9      | Reached skill level 13 in Maces & Flails
  8768 | D:9      | Gained mutation: You sometimes gain power by taking damage. [demonic ancestry]
  8768 | D:9      | Reached XP level 10. HP: 32/77 MP: 10/10
  8934 | D:9      | XOM: mild Tmut miscast
  9244 | D:9      | Found a staircase to the Lair.
  9252 | D:9      | XOM: medium Tloc miscast
  9252 | D:9      | Cast into level 2 of the Abyss (the capriciousness of Xom)
  9310 | Abyss:2  | Noticed a large abomination
  9312 | Abyss:2  | XOM: noise
  9326 | Abyss:2  | XOM: smoke on damage
  9419 | Abyss:2  | Noticed a thrashing horror
  9420 | Abyss:2  | Noticed a wretched star
  9427 | Abyss:2  | Killed from afar by a wretched star

Skill      XL: |  1  2  3  4  5  6  7  8  9 |
---------------+----------------------------+-----
Maces & Flails | 3 4 6 7 9 11 13 | 13.5
Fighting       | |  3.0
Armour         | |  1.7
Dodging        | |  0.8

Action                   |  1- 3 |  4- 6 |  7- 9 | 10-12 || total
-------------------------+-------+-------+-------+-------++-------
Melee: Mace              |   109 |   170 |   126 |       ||   405
       Morningstar       |       |       |   143 |       ||   143
       Whip              |       |       |    67 |    62 ||   129
Evoke: Wand              |       |       |    14 |       ||    14
       Phial of floods   |       |       |     1 |       ||     1
  Use: Scroll            |       |     1 |    10 |     1 ||    12
       Potion            |       |       |     1 |     8 ||     9
 Stab: Petrified         |     5 |       |     4 |       ||     9
       Paralysed         |     2 |       |       |       ||     2
       Petrifying        |     1 |     2 |     3 |       ||     6
       Confused          |       |     1 |     2 |       ||     3
  Eat: Chunk             |     1 |     9 |    15 |     1 ||    26
       Ration            |       |       |       |     1 ||     1
Armor: Leather armour    |    42 |    43 |       |       ||    85
       Scale mail        |       |    21 |    25 |       ||    46
       Chain mail        |       |       |    81 |     6 ||    87
       Skin              |       |       |       |     9 ||     9
Dodge: Dodged            |    85 |    74 |    87 |     9 ||   255
Block: Other             |     3 |    33 |   137 |    14 ||   187
       Reflection        |       |       |     2 |       ||     2
